AoeStats
← Stanko2026

Arena

506821464Analyzed
1v1 RM · 16d ago on Sep 15, 2026· 41m 51s· 2 players
Game mode
Random Map
Map size
Tiny (2 player)
Population
200
Speed
Normal
Resources
Standard
Victory
Conquest
Starting age
Dark Age
Ending age
Imperial Age
RankedLock teamsTeams togetherTeam positionsShared explorationLock speedFull tech treeHidden civsTurbo modeCheats
Victory
Defeat
🇹🇷 Franks · Türkiye
758
+16
🇩🇪 Teutons · Germany
750
-16
Stanko2026
0:26 Loom
13:22 Feudal Age
13:48 Horse Collar
13:56 Double-Bit Axe
14:03 Gold Mining
14:03 Stone Mining
21:49 Castle Age
20:11 Scale Barding Armor
20:07 Padded Archer Armor
20:07 Scale Mail Armor
20:19 Forging
20:29 Fletching
20:29 Arson
22:56 Bow Saw
24:38 Bodkin Arrow
25:55 Pikeman
26:43 Squires
26:05 Elite Skirmisher
27:23 Stone Shaft Mining
28:36 Town Watch
29:26 Wheelbarrow
31:09 Ballistics
31:00 Fortified Wall
31:07 Town Patrol
33:26 Man-at-Arms
33:52 Gambesons
35:02 Leather Archer Armor
35:02 Chain Mail Armor
35:23 Iron Casting
35:08 Chain Barding Armor
39:21 Imperial Age
39:29 Halberdier
41:25 Chemistry
BeigeHorse9555
5:05 Loom
9:25 Feudal Age
9:56 Double-Bit Axe
17:36 Castle Age
19:02 Wheelbarrow
18:21 Gold Mining
18:43 Bow Saw
19:17 Scale Barding Armor
19:24 Forging
21:03 Husbandry
21:55 Gold Shaft Mining
21:47 Stone Mining
25:43 Iron Casting
29:48 Hand Cart
32:24 Imperial Age
30:25 Light Cavalry
31:30 Chain Barding Armor
31:21 Town Watch
32:31 Cavalier
34:20 Plate Barding Armor
34:46 Blast Furnace
34:21 Chivalry
35:12 Paladin
Connection lost

Rejoining the realm…

Still unreachable

The connection could not be restored.

Session expired

The server has moved on; the page needs a fresh start.